 Dungeon Crawl Stone Soup version 0.30-a0-1163-gf69bf04e7a (webtiles) character file.

Game seed: 9726879374787220105

140 Sobieck the Ruffian (level 5, 0/52 HPs)
             Began as a Troll Cinder Acolyte on Apr 28, 2023.
             Was a High Priest of Ignis.
             Killed from afar by an orc wizard (10 damage)
             ... with a magic dart
             ... on level 3 of the Dungeon.
             The game lasted 00:03:11 (2052 turns).

Sobieck the Ruffian (Troll Cinder Acolyte)          Turns: 2052, Time: 00:03:11

Health: 0/52       AC:  4    Str: 24    XL:     5   Next: 2%
Magic:  6/6        EV:  9    Int: 10    God:    Ignis [*****.]
Gold:   120        SH:  0    Dex:  5    Spells: 6/6 levels left

rFire   + .          .
                       - Unarmed
rCold   . . .        (no shield)
rNeg    . . .        a - +0 robe
rPois   .            (helmet restricted)
rElec   .            (no cloak)
rCorr   .            (gloves unavailable)
SInv    .            (boots unavailable)
Will    .....        (no amulet)
Stlth   +            (no ring)
HPRegen 1.08/turn    (no ring)
MPRegen 0.10/turn

%: no passive effects
@: no status effects
A: large, unfitting armour, claws 3, regeneration 1, shaggy fur 1, tough skin 1
a: Renounce Religion, Fiery Armour, Foxfire Swarm, Rising Flame


You were on level 3 of the Dungeon.
You worshipped Ignis.
Ignis was extremely pleased with you.
You visited 1 branch of the dungeon, and saw 3 of its levels.

You collected 120 gold pieces.


Innate Abilities, Weirdness & Mutations

You are too large for most types of armour.
You have claws for hands.
Your natural rate of healing is unusually fast.
You are covered in fur. (AC +1)
You have tough skin. (AC +1)


   Skills:
 + Level 2.9 Fighting
 + Level 0.8 Stealth
 * Level 4.2 Unarmed Combat
 + Level 1.4 Spellcasting
 + Level 2.6 Fire Magic


You had 6 spell levels left.
You didn't know any spells.
Your spell library contained the following spells:

 Spells                   Type           Power      Damage    Failure   Level
 Scorch                   Fire           10%        2d5       17%         2
 Sublimation of Blood     Necr           0%         N/A       45%         2
 Wereblood                Tmut           0%         N/A       45%         2
 Summon Hydra             Summ           0%         N/A       100%        7

Inventory:

Missiles
 d - 23 stones (quivered) {throwing}
 g - 10 poisoned darts {throwing}
Armour
 a - a +0 robe (worn)
 j - a +0 robe
   (You found it on level 2 of the Dungeon)
 p - a +0 robe
   (You found it on level 3 of the Dungeon)
 r - a +0 robe
   (You found it on level 3 of the Dungeon)
Scrolls
 e - 2 scrolls of summoning {unknown}
 f - a scroll of brand weapon {unknown}
 h - 2 scrolls of identify {unknown}
 i - a scroll of amnesia {unknown}
 k - a scroll of blinking {unknown}
 n - a scroll of enchant armour {unknown}
 q - a scroll of teleportation {unknown}
Potions
 b - a potion of haste {unknown}
 c - a potion of curing {unknown}
 l - a potion of brilliance {unknown}
 m - a potion of degeneration {unknown}
 o - a potion of resistance {unknown}

Dungeon Overview and Level Annotations

Branches:
Dungeon (3/15) Zot: 15956

Altars:
Kikubaaqudgha
Ru

Annotations:
D:2 1 runed translucent door, Crazy Yiuf

........## ####....#
.⌠.~~~~..# ####..
...~≈≈~..# ###### ###
#.~~≈≈~..# #....# #
#..~~~~.(## #....#######
...~K.....# #<.>........
...~..)...###.).†.######
._~...{o...##....##
....##.@...##....## #
#####..#.##.....##
...........#....>.# ##
#........#.#....#.####.
##########.#....#......
#.###########. #.# #.
#.## #####. #..##
###.....


You could see an orc and a kobold.


Message History

Unknown command.
You feel less confused. The orc barely misses you. The endoplasm freezes you.
You are frozen.
The orc barely misses you.
The orc wizard hits you but does no damage.
Unknown command.
Unknown command.
Unknown command.
Activating: Foxfire Swarm
Press: ? - help, Dir - look around, f - activate Flames leap up around you!
The orc hits you but does no damage. The endoplasm misses you.
The orc wizard hits you but does no damage.
The orc hits you but does no damage. The orc misses your foxfire.
The orc hits your foxfire with a +0 hand axe. x2
Unknown command.
Unknown command.
You barely miss the orc wizard.
The foxfire hits the orc wizard but does no damage.
The foxfire hits the orc wizard.
The foxfire hits the orc but does no damage. x2
The foxfire hits the orc.
The foxfire hits the orc wizard but does no damage.
The foxfire hits the orc.
You kill the orc!
The foxfire hits the orc but does no damage.
The foxfire hits the endoplasm. x2
You kill the endoplasm!
The foxfire hits the orc wizard but does no damage. x2
The foxfire hits the orc wizard.
The foxfire hits the orc.
The foxfire hits the orc wizard.
The foxfire hits the orc.
The orc hits you with a +0 dagger.
The orc wizard hits you with a +0 dagger.
Unknown command.
You closely miss the orc wizard.
You hear some strange, mumbled words.
A puff of flame appears from out of thin air!
The puff of flame hits you. You resist. The orc hits you with a +0 dagger.
The orc wizard points at you and mumbles some strange words.
The puff of flame hits you. You resist.
Danger!
You claw the orc!
You kill the orc!
Unknown command.
You closely miss the orc.
The orc wizard hits you but does no damage.
Something hits you but does no damage. The orc hits you but does no damage.
Unknown command.
You barely miss something. The orc wizard closely misses you.
Something hits you. The orc misses you.
You miss something.
The orc wizard hits you but does no damage.
You hear some strange, mumbled words.
A puff of flame appears from out of thin air!
The puff of flame hits you. You resist. The orc hits you with a +0 hand axe!
* * * LOW HITPOINT WARNING * * *
Danger!
You closely miss something. The orc wizard casts a spell at you.
You resist with some effort.
You claw the orc wizard!
You kill the orc wizard!
Something hits you.
* * * LOW HITPOINT WARNING * * *
The orc hits you with a +0 hand axe.
* * * LOW HITPOINT WARNING * * *
You have reached level 5!
You hear some strange, mumbled words.
A puff of flame appears from out of thin air!
The puff of flame hits you. You resist.
* * * LOW HITPOINT WARNING * * *
A kobold comes into view. It is wielding a +0 short sword.
Things that are here:
a +0 dagger {short}; a +0 robe Unknown command.
You scratch something but do no damage.
You hear some strange, mumbled words.
A magic dart appears from out of thin air!
The magic dart hits you.
* * * LOW HITPOINT WARNING * * *
The orc hits you with a +0 hand axe.
* * * LOW HITPOINT WARNING * * *
You closely miss something. Something hits you but does no damage.
The orc hits you with a +0 hand axe.
* * * LOW HITPOINT WARNING * * *
Unknown command.
You claw something! Your claw misses something.
Something hits you but does no damage. The orc hits you but does no damage.
Unknown command.
You miss something. Something hits you.
* * * LOW HITPOINT WARNING * * *
The orc hits you but does no damage.
Unknown command.
Unknown command.
You miss something.
You hear some strange, mumbled words.
A magic dart appears from out of thin air!
The magic dart hits you!
You die...

Skill      XL: |  1  2  3  4 |
---------------+-------------+-----
Unarmed Combat | 4 |  4.2
Fighting       | |  2.9
Stealth        | |  0.8
Spellcasting   | |  1.4
Fire Magic     | |  2.6

Action                     |  1- 3 |  4- 6 || total
---------------------------+-------+-------++-------
  Melee: Unarmed           |   100 |    46 ||   146
  Throw: Stone             |       |     1 ||     1
 Invoke: Foxfire Swarm     |       |     1 ||     1
 Armour: Robe              |    33 |    18 ||    51
  Dodge: Dodged            |    61 |    14 ||    75

Levels and vault maps discovered:
D:1:      kennysheep_arrival_seaside, layout_loops_ring,
          shapermc_ecumenical_altar_venn
D:2:      layout_basic, uniq_crazy_yiuf_cottage
D:3:      layout_rooms, kiku_gazebo_pond_becter,
          nicolae_ru_sacrificial_ziggurat, uniq_terence

Notes
Turn   | Place    | Note
-------+----------+-------------------------------------------
     0 | D:1      | Sobieck the Troll Cinder Acolyte began the quest for the
                  | Orb.
     0 | D:1      | Reached XP level 1. HP: 22/22 MP: 1/1
    95 | D:1      | Found a faded altar of an unknown god.
   114 | D:1      | Reached XP level 2. HP: 29/29 MP: 2/2
   444 | D:1      | You pick up a book of Blood and begin reading...
   444 | D:1      | You add the spells Sublimation of Blood, Wereblood and
                  | Summon Hydra to your library.
   839 | D:2      | Reached XP level 3. HP: 29/36 MP: 3/3
  1328 | D:2      | Reached XP level 4. HP: 41/44 MP: 4/4
  1458 | D:2      | Found a runed translucent door.
  1459 | D:2      | Noticed Crazy Yiuf
  1645 | D:3      | Noticed Terence
  1668 | D:3      | Killed Terence
  1669 | D:3      | Reached skill level 4 in Unarmed Combat
  1886 | D:3      | Found a sacrificial altar of Ru.
  2030 | D:3      | Found an ancient bone altar of Kikubaaqudgha.
  2047 | D:3      | Reached XP level 5. HP: 19/52 MP: 6/6
  2048 | D:3      | HP: 12/52 [something/magic dart (6)]
  2052 | D:3      | Killed from afar by an orc wizard

Vanquished Creatures
  Terence (D:3)
  An orc wizard (D:3)
  4 adders (D:2)
  A worm (D:3)
  2 dart slugs (D:1)
  5 orcs (D:3)
  3 endoplasms
  2 giant cockroaches
  7 goblins
  A hobgoblin (D:1)
  A quokka (D:1)
  2 ball pythons
  3 bats
  4 frilled lizards
  5 kobolds
  3 rats (D:1)
45 creatures vanquished.

Vanquished Creatures (others)
  16 foxfires (D:3)
16 creatures vanquished.

Grand Total: 61 creatures vanquished

Table legend:
 A = Non-vault XP
 B = Vault XP
 C = Vault XP percentage of total XP
 D = Non-vault monster count
 E = Vault monster count
 F = Vault count percentage of total count
                 A         B        C        D         E       F
            +---------+---------+-------+---------+---------+-------
      Total |     164 |      36 |  18.0 |      44 |       1 |   2.2
            +---------+---------+-------+---------+---------+-------
        D:1 |      29 |       0 |   0.0 |      17 |       0 |   0.0
        D:2 |      69 |       0 |   0.0 |      14 |       0 |   0.0
        D:3 |      66 |      36 |  35.3 |      13 |       1 |   7.1
            +---------+---------+-------+---------+---------+-------

Skill      XL: |  1  2  3  4 |
---------------+-------------+-----
Unarmed Combat | 4 |  4.2
Fighting       | |  2.9
Stealth        | |  0.8
Spellcasting   | |  1.4
Fire Magic     | |  2.6

Action                     |  1- 3 |  4- 6 || total
---------------------------+-------+-------++-------
  Melee: Unarmed           |   100 |    46 ||   146
  Throw: Stone             |       |     1 ||     1
 Invoke: Foxfire Swarm     |       |     1 ||     1
 Armour: Robe              |    33 |    18 ||    51
  Dodge: Dodged            |    61 |    14 ||    75

Illustrated notes

Table legend:
 A = Kills in this place as a percentage of kills in the entire game.
 B = Kills by you in this place as a percentage of kills by you in the entire game.
 C = Kills by friends in this place as a percentage of kills by friends in the entire game.
 D = Other kills in this place as a percentage of other kills in the entire game.
 E = Experience gained in this place as a percentage of experience gained in the entire game.
 F = Experience gained in this place divided by the number of levels of this place that you have seen.
                   A       B       C       D       E      F
               +-------+-------+-------+-------+-------+----------------------
         Total | 100.0 | 100.0 |   N/A |   N/A | 100.0 |  66.7
       Dungeon | 100.0 | 100.0 |   N/A |   N/A | 100.0 |  66.7
               +-------+-------+-------+-------+-------+----------------------

Table legend: (Time is in decaauts)
 A = Elapsed time spent in this place.
 B = Non-inter-level travel time spent in this place.
 C = Inter-level travel time spent in this place.
 D = Time resting spent in this place.
 E = Time spent auto-exploring this place.
 F = Levels seen in this place.
 G = Mean time per level.
                   A        B        C        D        E       F      G
               +--------+--------+--------+--------+--------+-----+--------+
         Total |   2042 |   1976 |     66 |      0 |   1676 |   3 |  680.7 |
       Dungeon |   2042 |   1976 |     66 |      0 |   1676 |   3 |  680.7 |
               +--------+--------+--------+--------+--------+-----+--------+

Top non-repeatable levels by time:
     D:2: 788 daAuts
     D:1: 777 daAuts
     D:3: 476 daAuts
